 Dungeon Crawl Stone Soup version 0.32-a0-876-gcfddb08e57 (webtiles) character file.

Game seed: 3745557549182684000

76 Lanoc the Slasher (level 4, 0/34 HPs)
             Began as a Coglin Gladiator on Apr 1, 2024.
             Was a Believer of Kikubaaqudgha.
             Slain by an orc
             ... wielding a +0 dagger
              (3 damage)
             ... on level 3 of the Dungeon.
             The game lasted 00:02:03 (1628 turns).

Lanoc the Slasher (Coglin Gladiator)                Turns: 1628, Time: 00:02:03

Health: 0/34       AC:  4    Str: 14    XL:     4   Next: 32%
Magic:  4/4        EV: 12    Int:  8    God:    Kikubaaqudgha [**....]
Gold:   138        SH:  0    Dex: 17    Spells: 3/3 levels left

rFire   . . .        a - +0 long sword {Egbert}
rCold   . . .        f - +0 dagger {Jaspreet}
rNeg    . . .        b - +0 leather armour
rPois   .            c - +0 helmet
rElec   .            (no cloak)
rCorr   .            (no gloves)
SInv    .            (no boots)
Will    .....        (amulet unavailable)
Stlth   +            (ring unavailable)
HPRegen 0.25/turn    (ring unavailable)
MPRegen 0.09/turn    (no gizmo)

%: no passive effects
@: revved
A: off-hand wielding, slow wielding, warmup strikes, no jewellery
a: Invent Gizmo, Renounce Religion, Unearth Wretches


You were on level 3 of the Dungeon.
You worshipped Kikubaaqudgha.
Kikubaaqudgha was pleased with you.
You visited 1 branch of the dungeon, and saw 3 of its levels.

You collected 138 gold pieces.

Inventory:

Hand Weapons
 a - a +0 long sword (weapon) {Egbert}
 f - a +0 dagger (offhand) {Jaspreet}
Missiles
 d - 3 throwing nets (quivered)
 e - a javelin
Armour
 b - a +0 leather armour (worn)
 c - a +0 helmet (worn)
Scrolls
 g - 5 scrolls of identify {unknown}
 h - 2 scrolls of noise {unknown}
 i - a scroll of silence {unknown}
 l - 2 scrolls of teleportation {unknown}
 m - a scroll of poison {unknown}
 o - 2 scrolls of amnesia {unknown}
 p - a scroll of immolation {unknown}
Potions
 j - a potion of enlightenment {unknown}
 k - a potion of curing {unknown}
 n - a potion of attraction {unknown}


   Skills:
 + Level 2.8 Fighting
 * Level 4.1 Long Blades
 - Level 1.7 Throwing
 + Level 3.2 Dodging


You had 3 spell levels left.
You didn't know any spells.
Your spell library contained the following spells:

 Spells                   Type           Power      Damage    Failure   Level
 Necrotise                Necr           0%         1d4       50%         1
 Sandblast                Erth           0%         2d4       50%         1
 Cigotuvi's Dreadful Rot  Necr/Alch/Air  0%         N/A       63%         2
 Sublimation of Blood     Necr           0%         N/A       63%         2
 Fugue of the Fallen      Necr           0%         N/A       86%         3
 Stone Arrow              Conj/Erth      0%         3d7       86%         3
 Brom's Barrelling Bould  Conj/Erth      0%         2d3       99%         4


Dungeon Overview and Level Annotations

Branches:
Dungeon (3/15)

Altars:
Kikubaaqudgha
Uskayaw

Shops:
D:2 [


Innate Abilities, Weirdness & Mutations

You can wield a second weapon in your off-hand.
It takes a long time for you to wield or remove held weapons.
Your first few attacks do less damage.
You cannot equip rings or amulets.


Message History

You hit the orc with your +0 dagger.
The orc is severely wounded.
You slash the orc with your +0 long sword!
You kill the orc!
Kikubaaqudgha accepts your kill. The orc closely misses you.
The orc barely misses you. The quokka bites you.
* * * LOW HITPOINT WARNING * * *
You hit the quokka with your +0 long sword.
The quokka is moderately wounded.
You miss the quokka with your +0 dagger.
The orc hits you with a +0 dagger.
* * * LOW HITPOINT WARNING * * *
The orc barely misses you.
The quokka bites you but does no damage.
You miss the quokka with your +0 dagger.
The quokka is moderately wounded.
You barely miss the quokka with your +0 long sword.
The orc hits you but does no damage. The orc closely misses you.
The quokka closely misses you.
You closely miss the quokka with your +0 long sword.
The quokka is moderately wounded.
You hit the quokka with your +0 dagger.
The quokka bites you but does no damage.
The orc barely misses you. The orc completely misses you.
You closely miss the quokka with your +0 long sword.
The quokka is heavily wounded.
You closely miss the quokka with your +0 dagger.
The quokka bites you but does no damage.
The orc hits you with a +0 club.
* * * LOW HITPOINT WARNING * * *
The orc hits you with a +0 dagger.
* * * LOW HITPOINT WARNING * * *
You barely miss the quokka with your +0 long sword.
The quokka is heavily wounded.
You barely miss the quokka with your +0 dagger.
The quokka bites you.
* * * LOW HITPOINT WARNING * * *
The orc closely misses you. The orc hits you with a +0 dagger.
You die...
Kikubaaqudgha rasps: You have failed me!
Welcome... death!

##.....##
##.......#
#.........
#..[......
#.........
#.........
#))o$.....
#.@r......
#..o......
#.........
#.:.......
#.<.......
#........#
#.!.....##
#.......#
#.....#../


You could see 2 orcs and a quokka.

Vanquished Creatures
  An adder (D:2)
  A dart slug (D:1)
  A ribbon worm (D:2)
  3 orcs (D:3)
  6 bats
  4 endoplasms (D:1)
  7 giant cockroaches
  4 goblins (D:1)
  4 hobgoblins
  7 kobolds
  A quokka (D:1)
  6 ball pythons
  A frilled lizard (D:2)
  4 rats
50 creatures vanquished.

Notes
Turn   | Place    | Note
-------+----------+-------------------------------------------
     0 | D:1      | Lanoc the Coglin Gladiator began the quest for the Orb.
     0 | D:1      | Reached XP level 1. HP: 16/16 MP: 1/1
   104 | D:1      | Reached XP level 2. HP: 22/22 MP: 2/2
   269 | D:1      | Found a faded altar of an unknown god.
   380 | D:1      | Prayed at the altar of an unknown god.
   380 | D:1      | Became a worshipper of Kikubaaqudgha
   380 | D:1      | Reached * piety under Kikubaaqudgha
   380 | D:1      | Received a gift from Kikubaaqudgha
   429 | D:1      | Reached XP level 3. HP: 28/28 MP: 3/3
   956 | D:2      | Reached ** piety under Kikubaaqudgha
  1087 | D:2      | Reached skill level 4 in Long Blades
  1087 | D:2      | Reached XP level 4. HP: 34/34 MP: 4/4
  1130 | D:2      | Found Neopsa's Armour Shop.
  1416 | D:2      | Found a hide-covered altar of Uskayaw.
  1628 | D:3      | Slain by an orc

Illustrated notes

Levels and vault maps discovered:
D:1:      minmay_arrival_semitransparent, layout_basic,
          ebering_ecumenical_altar_petrified
D:2:      layout_loops_cross, serial_shops, nicolae_square_shop, basic_altar
D:3:      layout_rooms, gammafunk_temple_overflow_pools, uniq_terence

Skill      XL: |  1  2  3 |
---------------+----------+-----
Dodging        | 3 |  3.2
Long Blades    | 4 |  4.1
Fighting       | |  2.8
Throwing       | |  1.7

Action                     |  1- 3 |  4- 6 || total
---------------------------+-------+-------++-------
  Melee: Long sword        |    84 |    38 ||   122
         Dagger            |    71 |    38 ||   109
 Armour: Leather armour    |    46 |    48 ||    94
  Dodge: Dodged            |    68 |    37 ||   105

Table legend: (Time is in decaauts)
 A = Elapsed time spent in this place.
 B = Non-inter-level travel time spent in this place.
 C = Inter-level travel time spent in this place.
 D = Time resting spent in this place.
 E = Time spent auto-exploring this place.
 F = Levels seen in this place.
 G = Mean time per level.
                   A        B        C        D        E       F      G
               +--------+--------+--------+--------+--------+-----+--------+
         Total |   1635 |   1573 |     62 |    100 |   1170 |   3 |  545.0 |
       Dungeon |   1635 |   1573 |     62 |    100 |   1170 |   3 |  545.0 |
               +--------+--------+--------+--------+--------+-----+--------+

Top non-repeatable levels by time:
     D:1: 863 daAuts
     D:2: 749 daAuts
     D:3: 22 daAuts
